Map: 드림캐처 - 래더

Players

IIIlllllIlll

  • Race: Protoss Protoss
  • Spawn Location: 11:00

SuperNova - Winner!

  • Race: Terran Terran
  • League: Grandmaster
  • Spawn Location: 5:00

VOD

Have the link to the VOD?

Description

Time

  • Played on: Oct. 18, 2018, 12:59 a.m.
  • Length: 10:41
Show
View Real Time Build Order
Export as new Build Order

IIIlllllIlll Protoss 

Build Orders: Oracle Opening, Phoenix Opening 

Get SALT Encoding   

  12  0:00  Probe  
  13  0:12  Probe  
  14  0:17  Pylon  
  14  0:24  Probe  
  15  0:32  Probe  
  15  0:38  Gateway  
  15  0:40  Probe  
  16  0:47  Assimilator  
  17  0:51  Probe  
  18  1:01  Assimilator  
  18  1:03  Probe  
  19  1:15  Probe  
  19  1:18  Pylon  
  20  1:25  Cybernetics Core  
  20  1:27  Probe  
  20  1:31  Zealot  
  23  1:39  Probe  
  24  1:47  Pylon  
  24  1:51  Probe  
  24  1:52  Adept  
  25  2:06  Stargate  
  27  2:11  Warp Gate  
  27  2:18  Adept  
  27  2:20  Probe  
  30  2:42  Nexus, Oracle  
  30  2:56  Probe  
  34  3:05  Pylon  
  34  3:08  Probe  
  34  3:09  Oracle  
  37  3:20  Probe  
  38  3:27  Gateway  
  38  3:32  Probe  
  39  3:44  Probe  
  38  3:54  Phoenix  
  40  3:56  Probe  
  40  3:58  Probe  
  42  4:08  Probe  
  42  4:09  Robotics Facility  
  43  4:10  Probe  
  43  4:12  Shield Battery  
  43  4:13  Phoenix  
  44  4:21  Probe  
  47  4:27  Probe  
  47  4:30  Shield Battery  
  48  4:33  Probe  
  49  4:39  Probe  
  49  4:40  Phoenix  
  48  4:47  Probe  
  48  4:51  Probe  
  51  4:53  Stalker  
  51  4:59  Probe  
  54  5:03  Probe  
  54  5:04  Observer  
  56  5:11  Probe  
  56  5:13  Phoenix  
  57  5:29  Probe  
  57  5:33  Probe  
  59  5:42  Probe  
  61  5:43  Assimilator, Observer  
  61  5:45  Assimilator, Pylon, Probe  
  61  5:49  Pylon  
  62  6:03  Probe x2  
  64  6:05  Robotics Bay  
  60  6:18  Stalker  
  58  6:19  Probe x2  
  55  6:27  Probe  
  55  6:28  Probe  
  56  6:35  Probe  
  56  6:36  Colossus, Probe  
  57  6:40  Pylon  
  57  6:46  Probe  
  58  6:47  Probe  
  66  6:56  Stalker  
  66  6:59  Probe x2  
  69  7:02  Observer  
  69  7:05  Zealot  
  71  7:11  Probe x2  
  73  7:22  Extended Thermal Lance  
  73  7:23  Probe  
  73  7:25  Probe  
  73  7:27  Sentry  
  73  7:28  Zealot  
  79  7:35  Probe  
  80  7:37  Colossus  
  81  7:51  Pylon x2  
  86  8:02  Nexus  
  86  8:09  Probe x2  
  88  8:18  Gateway  
  88  8:21  Probe x2  
  88  8:24  Gateway  
  88  8:26  Colossus  
  90  8:33  Probe x2  
  96  8:50  Gateway, Probe x2  
  96  8:53  Gateway  
  96  8:55  Twilight Council  
  98  9:05  Adept x2  
  102  9:11  Pylon  
  102  9:12  Pylon  
  102  9:15  Pylon  
  102  9:17  Pylon  
  102  9:18  Probe  
  102  9:21  Adept x2  
  107  9:25  Probe  
  107  9:27  Adept x2  
  112  9:34  Templar Archives  
  112  9:42  Colossus  
  112  9:46  Adept x2  
  112  9:49  Zealot x2  
  110  10:09  Zealot x4  
  110  10:13  Zealot x2  
Show
View Real Time Build Order
Export as new Build Order

SuperNova Terran - Winner!

Build Orders: 1/1/1, Banshee Rush 

Get SALT Encoding   

  12  0:00  SCV  
  13  0:13  SCV  
  14  0:18  Supply Depot  
  14  0:25  SCV  
  15  0:40  Barracks  
  15  0:41  SCV  
  16  0:46  Refinery  
  16  0:54  SCV  
  17  0:57  Refinery  
  17  1:06  SCV  
  18  1:18  SCV  
  19  1:27  Reaper  
  19  1:30  Orbital Command  
  20  1:43  Factory  
  20  1:49  Supply Depot  
  20  1:55  SCV  
  21  2:07  SCV  
  22  2:19  SCV  
  23  2:29  Starport  
  23  2:32  Factory Reactor, SCV  
  24  2:44  SCV  
  24  2:45  Command Center  
  24  2:50  Supply Depot  
  26  3:06  Medivac  
  26  3:08  Widow Mine  
  26  3:09  Widow Mine  
  26  3:12  Barracks Tech Lab  
  31  3:14  SCV  
  32  3:21  Supply Depot  
  32  3:26  SCV  
  33  3:30  Widow Mine x2  
  37  3:41  SCV  
  34  3:56  Cloaking Field  
  34  3:57  Banshee  
  37  4:06  SCV  
  38  4:10  Orbital Command  
  38  4:18  Marine x2, Factory Tech Lab  
  38  4:20  SCV  
  41  4:33  SCV  
  42  4:40  Banshee, Siege Tank  
  42  4:45  Marine x2  
  49  4:48  Orbital Command  
  49  5:00  SCV  
  49  5:02  Marine x2, Engineering Bay  
  50  5:12  Siege Tank  
  50  5:13  SCV  
  54  5:25  SCV  
  54  5:26  Marine x2  
  53  5:28  Banshee  
  53  5:31  SCV  
  57  5:37  SCV  
  57  5:40  Missile Turret  
  58  5:42  Missile Turret  
  58  5:43  SCV  
  58  5:44  Marine x2  
  61  5:53  SCV  
  61  5:56  Supply Depot  
  62  5:57  Siege Tank  
  62  5:59  SCV  
  62  6:01  Marine  
  62  6:02  Marine  
  68  6:05  SCV  
  69  6:19  Marine x2  
  71  6:28  SCV x2  
  71  6:30  Siege Tank  
  70  6:35  Barracks  
  70  6:36  Barracks, Refinery  
  70  6:40  SCV  
  70  6:43  Marine x2  
  70  6:45  SCV, Starport Reactor  
  74  6:48  Bunker  
  74  6:52  SCV  
  75  7:05  SCV  
  74  7:08  SCV  
  74  7:11  Supply Depot  
  74  7:12  Supply Depot  
  74  7:13  Refinery, Marine  
  74  7:14  Marine  
  76  7:17  SCV  
  76  7:20  Terran Infantry Weapons Level 1  
  76  7:23  Supply Depot  
  76  7:24  Stimpack  
  76  7:25  Factory Reactor  
  76  7:29  SCV  
  77  7:33  SCV, Supply Depot  
  77  7:35  Barracks  
  77  7:36  Barracks  
  78  7:39  Medivac  
  78  7:40  Medivac  
  82  7:47  Marine x2  
  82  7:48  Combat Shields  
  82  7:49  Marine x2  
  82  7:50  SCV  
  87  7:56  SCV  
  88  8:00  Supply Depot  
  88  8:02  SCV  
  88  8:05  Supply Depot  
  88  8:08  SCV, Marauder  
  88  8:11  Marauder  
  93  8:15  Medivac  
  93  8:16  Medivac  
  97  8:20  Marine x2  
  97  8:23  Supply Depot, Barracks Tech Lab  
  97  8:25  Barracks Reactor  
  99  8:28  Widow Mine x2  
  99  8:32  Marauder  
  103  8:42  Marine x2  
  103  8:43  Supply Depot, Marauder  
  103  8:45  Concussive Shells  
  103  8:46  Marauder  
  109  8:53  Medivac  
  109  8:54  Medivac  
  113  8:55  Supply Depot  
  113  8:59  Marauder  
  113  9:00  Marine  
  113  9:01  Marine x3  
  118  9:04  Widow Mine, Marine  
  118  9:05  Widow Mine  
  123  9:14  Marauder  
  125  9:19  Liberator  
  125  9:20  Marauder  
  125  9:21  Marine  
  125  9:22  Marauder  
  130  9:26  Marine  
  131  9:31  Liberator  
  131  9:32  Marine  
  131  9:35  Marauder  
  137  9:42  Marauder  
  137  9:50  Marauder  
  142  9:56  Marauder  
  126  10:03  Marine, Marauder  
  126  10:04  Marine  
  121  10:07  Marine  
  121  10:11  Marine  
  121  10:13  Marine  
  124  10:19  Marauder  
Tags
 
Add a new tag
Caveats
  • Supply blocks, unpowered buildings, or Contaminate may cause inaccurate times.
  • Supply counts are checked every 10 seconds.